 Dungeon Crawl Stone Soup version 0.28.0-43-g3370ac3207 (webtiles) character file.

Game seed: 1249575140942597858

4 cbfl8 the Conjurer (level 1, -1/10 HPs)
             Began as a Deep Elf Conjurer on Mar 11, 2022.
             Frozen to death by an endoplasm (3 damage)
             ... on level 1 of the Dungeon.
             The game lasted 00:01:14 (717 turns).

cbfl8 the Conjurer (Deep Elf Conjurer)               Turns: 717, Time: 00:01:16

Health: -1/10      AC:  2    Str:  4    XL:     1   Next: 50%
Magic:  6/6        EV: 12    Int: 22    God:
Gold:   0          SH:  3    Dex: 13    Spells: 5/6 levels left

rFire   . . .      SeeInvis .   g - +0 dagger
rCold   . . .      Faith    .   d - +0 buckler
rNeg    . . .      Spirit   .   a - +0 robe
rPois   .          Reflect  .   (no helmet)
rElec   .          Harm     .   (no cloak)
rCorr   .          Rampage  .   (no gloves)
Will    .....                   (no boots)
Stlth   ++........              (no amulet)
HPRegen 0.03/turn               (no ring)
MPRegen 0.10/turn               (no ring)

@: no status effects
A: no striking features
a: no special abilities


You were on level 1 of the Dungeon.
You visited 1 branch of the dungeon, and saw 2 of its levels.

Inventory:

Hand Weapons
 f - a +0 whip
 g - a +0 dagger (weapon)
Armour
 a - a +0 robe (worn)
 d - a +0 buckler (worn)
Scrolls
 c - a scroll of enchant weapon {unknown}
 e - a scroll of blinking {unknown}
Potions
 b - a potion of brilliance {unknown}


   Skills:
 + Level 2.4 Dodging
 + Level 2.4 Stealth
 + Level 3.1 Spellcasting
 + Level 4.5 Conjurations


You had 5 spell levels left.
You knew the following spells:

 Your Spells              Type           Power      Damage    Failure   Level
a - Magic Dart            Conj           92%        1d7       2%          1

Your spell library contained the following spells:

 Spells                   Type           Power      Damage    Failure   Level
 Searing Ray              Conj           46%        2d6       3%          2
 Dazzling Flash           Conj/Hex       26%        N/A       21%         3
 Fulminant Prism          Conj/Hex       6%         3d7       54%         4
 Iskenderun's Mystic Bla  Conj/Tloc      13%        2d5       54%         4


Dungeon Overview and Level Annotations

Branches:
Dungeon (2/15)

Altars:


Message History

The bat closely misses you. The bat completely misses you.
The bat hits you but does no damage.
You see here 4 stones.
The bat hits you. The bat hits you but does no damage.
The bat closely misses you.
You barely miss the bat. You block the bat's attack.
The bat hits you but does no damage.
You hit the bat but do no damage. The bat closely misses you.
The bat misses you.
You barely miss the bat. You block the bat's attack. The bat barely misses you.
You hit the bat.
You kill the bat!
You start resting.
HP restored.
You see here a bat corpse.
You see here 4 stones.
An endoplasm comes into view.
The endoplasm quivers.
You hit the endoplasm.
The endoplasm is lightly wounded.
The endoplasm barely misses you.
You hit the endoplasm.
The endoplasm is heavily wounded.
The endoplasm freezes you.
You are frozen.
You hit the endoplasm but do no damage.
The endoplasm is heavily wounded.
The endoplasm freezes you.
You are frozen.
Ouch! That really hurt!
You hit the endoplasm but do no damage.
The endoplasm is heavily wounded.
The endoplasm hits you.
* * * LOW HITPOINT WARNING * * *
The endoplasm freezes you.
You are frozen.
You die...

#..... #.... # ....
#.... .. #### .....
#... ... ... #......
#..# #..##.## ....$..
#..# #.....#####.......
#..# #.......#.......
#..# #J@.....#......
###..# ######.........
....## ##.........
....# ##(.........
....#
#########..#.##...##
....######......†..##.#
..##
...........##########.#
... ......############
#.. #.
....#............. .#.


You could see an endoplasm.

Vanquished Creatures
  An endoplasm (D:1)
  A kobold (D:1)
  A ball python (D:1)
  A bat (D:1)
4 creatures vanquished.

Notes
Turn   | Place    | Note
-------+----------+-------------------------------------------
     0 | D:1      | cbfl8 the Deep Elf Conjurer began the quest for the Orb.
     0 | D:1      | Reached XP level 1. HP: 10/10 MP: 6/6
     2 | D:1      | You fall into a shaft and drop 1 floor!
   717 | D:1      | Frozen to death by an endoplasm

Illustrated notes

Levels and vault maps discovered:
D:1:      tarquinn_simple_flora_water_c, layout_rooms, basic_ecumenical_altar,
          minmay_curled_crystal
D:2:      layout_rooms, minmay_split_cup_small

Action                   || total
-------------------------++-------
Melee: Dagger            ||     9
       Whip              ||     5
       Unarmed           ||     5
Armor: Robe              ||     3
Dodge: Dodged            ||    16
Block: Buckler           ||     4
